 Dungeon Crawl Stone Soup version 0.31-a0-1529-g7bd419a0e5 (webtiles) character file.

Game seed: 7079590299257669550

511 Flugslaktarn the Trooper (level 6, -9/49 (58) HPs)
             Began as a Minotaur Fighter on Jan 1, 2024.
             Was an Initiate of Cheibriados.
             Mangled by a wight
             ... wielding a +0 dire flail
              (12 damage)
             ... in an ossuary.
             The game lasted 00:02:00 (2567 turns).

Flugslaktarn the Trooper (Minotaur Fighter)         Turns: 2567, Time: 00:02:01

HP:   -9/49 (58)    AC:  6    Str: 24    XL:     6   Next: 99%
MP:   6/6           EV: 10    Int:  6    God:    Cheibriados [......]
Gold: 177           SH:  4    Dex: 10    Spells: 5/5 levels left

rFire   . . .        a - +0 war axe
rCold   . . .        c - +0 buckler
rNeg    . . .        u - +0 troll leather armour {Pargi}
rPois   .            (helmet restricted)
rElec   .            (no cloak)
rCorr   .            (no gloves)
SInv    .            i - +2 pair of boots
Will    .....        s - amulet of faith
Stlth   +            (no ring)
HPRegen 1.08/turn    (no ring)
MPRegen 0.10/turn

%: faith
@: heavily drained, very slow
A: horns 2, retaliatory headbutt
a: Renounce Religion


You were in an ossuary.
You worshipped Cheibriados.
Cheibriados was noncommittal.
You visited 2 branches of the dungeon, and saw 5 of its levels.
You also visited: Ossuary.

You collected 177 gold pieces.

Inventory:

Hand Weapons
 a - a +0 war axe (weapon)
Armour
 b - a +0 scale mail
 c - a +0 buckler (worn)
 i - a +2 pair of boots (worn)
   (You found it on level 3 of the Dungeon)
 u - a +0 troll leather armour (worn) {Pargi}
   (You found it on level 4 of the Dungeon)
Jewellery
 s - an amulet of faith (around neck)
   (You found it on level 3 of the Dungeon)
 w - an amulet of reflection
   (You found it on level 4 of the Dungeon)
Wands
 h - a wand of iceblast (2)
   (You found it on level 2 of the Dungeon)
 j - a wand of light (6)
   (You found it on level 2 of the Dungeon)
Scrolls
 f - 2 scrolls of enchant armour
 g - a scroll of fear
 l - a scroll of brand weapon
 m - a scroll of immolation {unknown}
 o - a scroll of fog {unknown}
 r - a scroll of identify
 t - 3 scrolls of teleportation
 v - a scroll of vulnerability {unknown}
 z - a scroll of blinking
Potions
 d - a potion of might
 e - a potion of heal wounds {unknown}
 k - 3 potions of enlightenment {unknown}
 n - 2 potions of brilliance {unknown}
 p - a potion of curing {unknown}
 q - a potion of lignification {unknown}


   Skills:
 * Level 6.4 Fighting
 * Level 6.0 Axes
 + Level 5.2 Armour
 - Level 3.6 Shields
 + Level 1.4 Invocations


You had 5 spell levels left.
You didn't know any spells.
Your spell library contained the following spells:

 Spells                   Type           Power      Damage    Failure   Level
 Jinxbite                 Hex            0%         N/A       71%         2
 Fugue of the Fallen      Necr           0%         N/A       90%         3
 Ozocubu's Armour         Ice            0%         N/A       90%         3
 Manifold Assault         Tloc           0%         N/A       100%        4
 Yara's Violent Unravell  Hex/Alch       0%         3d3       100%        5
 Enfeeble                 Hex            0%         N/A       100%        7


Dungeon Overview and Level Annotations

Branches:
Dungeon (4/15)             Temple (1/1) D:4         Ossuary (1/1)

Altars:
Ashenzari
Cheibriados
Dithmenos
Elyvilon
Fedhas
Gozag
Hepliaklqana
Kikubaaqudgha
Makhleb
Nemelex Xobeh
Qazlal
Ru
Sif Muna
Trog
Uskayaw
Vehumet
Wu Jian
Xom
Yredelemnul


Innate Abilities, Weirdness & Mutations

You have a pair of horns on your head.
You reflexively headbutt those who attack you in melee.


Message History

The wight is severely damaged.
The wight closely misses you. You furiously retaliate!
You headbutt the wight. You hit the wight but do no damage.
The wight is severely damaged.
The wight hits you with a +2 short sword.
The wight hits you but does no damage.
You hit the wight but do no damage. You headbutt the wight.
The wight is almost destroyed.
The wight hits you but does no damage.
You slash the wight!
You destroy the wight!
Cheibriados appreciates the change of pace.
Your Axes skill increases to level 6!
Magic restored.
HP restored.
There is an open door here.
Things that are here:
a +2 short sword; a +0 robe No target in view!
There is an open door here.
You open the door.
There is an open door here.
As you open the door, it creaks loudly!
Found three items.
No target in view!
There is an open door here.
v - a scroll labelled LAKLASHRAJAL
t - 2 scrolls of teleportation (gained 1)
r - a scroll of identify;
w - an amulet of reflection No target in view!
No target in view!
No target in view!
You open the door.
There is an open door here.
There is an open door here.
You open the door.
There is an open door here.
The laughing skull gives a hideous shriek!
The laughing skull cackles madly at the inescapable nature of violence.
You open the door.
There is an open door here.
The laughing skull gives a hideous shriek!
Something unseen opens the door.
You sense a monster nearby.
Something unseen opens the door.
k - 3 murky silvery potions (gained 1)
A wight comes into view. It is wielding a +0 morningstar.
A wight comes into view. It is wielding a +0 dire flail.
There are monsters nearby!
There are monsters nearby!
There are monsters nearby!
The laughing skull gibbers darkly at how history will forget everyone present.
Unknown command.
Press: ? - help, v - describe, . - travel
Here: a laughing skull (fire blocked by a translucent stone wall)
The floor.
There are monsters nearby!
There are monsters nearby!
There are monsters nearby!
You see here a wand of mindburst (3).
The wight attacks as it pursues you! You block the wight's attack.
You see here a scroll of teleportation.
You barely miss the wight.
You headbutt the wight, but do no damage.
You barely miss the wight.
The wight hits you with a +0 dire flail.
You feel drained.
The wight hits you with a +0 morningstar!
You feel drained.
t - 3 scrolls of teleportation (gained 1)
The wight hits you with a +0 dire flail!
You feel drained. The wight closely misses you.
You hit the wight. Your headbutt misses the wight.
The wight is lightly damaged.
You hit the wight.
The wight hits you with a +0 dire flail!
The wight closely misses you.
You hit the wight.
The wight is moderately damaged.
You hit the wight but do no damage.
The wight hits you with a +0 dire flail.
The wight hits you with a +0 morningstar!
You barely miss the wight.
The wight is moderately damaged.
You slash the wight!
The wight hits you with a +0 dire flail.
You feel drained.
The wight hits you with a +0 morningstar!
* * * LOW HITPOINT WARNING * * *
You feel drained.
* * * LOW HITPOINT WARNING * * *
The wight hits you with a +0 dire flail.
* * * LOW HITPOINT WARNING * * *
The wight barely misses you. You furiously retaliate!
You headbutt the wight!
You are too injured to fight recklessly!
You hit the wight.
The wight is almost destroyed.
You completely miss the wight.
The wight hits you with a +0 dire flail!
You die...

#### ♣.♣ #####
♣....##'##....♣#
...............#
..#♣#.###.#♣#..#
. ♣.♣ ♣.♣ .#
..+♣#.###.#♣+..#
#.............#
#.............#
.#♣#.?@..#♣#.#
#z#./zz.#z#.# #
#.?!!.#♣
.............#
.............#
..'♣#.###.#♣'..#
..♣ ♣.♣z♣.♣ ♣..#
.. #.###.# ..#
.. ... .#


You could see 2 laughing skulls and 2 wights.

Vanquished Creatures
  Menkaure (D:4)
  Pargi (D:4)
  A wight (Ossuary)
  A hound (D:4)
  Robin (D:3)
  A gnoll (D:1)
  9 adders
  An adder zombie (Ossuary)
  4 dart slugs
  An orc (D:3)
  5 ball pythons
  4 bats
  6 endoplasms
  9 giant cockroaches
  16 goblins
  7 hobgoblins
  5 jackals
  4 quokkas
  A ball python skeleton (Ossuary)
  5 frilled lizards
  A hobgoblin skeleton (Ossuary)
  2 kobolds
  A kobold zombie (Ossuary)
  An orc skeleton (Ossuary)
  2 orc zombies (Ossuary)
  5 rats
95 creatures vanquished.

Notes
Turn   | Place    | Note
-------+----------+-------------------------------------------
     0 | D:1      | Flugslaktarn the Minotaur Fighter began the quest for the
                  | Orb.
     0 | D:1      | Reached XP level 1. HP: 19/19 MP: 0/0
    75 | D:1      | Reached XP level 2. HP: 27/27 MP: 1/1
   261 | D:1      | Found a faded altar of an unknown god.
   405 | D:1      | Reached XP level 3. HP: 33/33 MP: 2/2
  1039 | D:2      | Reached XP level 4. HP: 38/41 MP: 3/3
  1470 | D:3      | Noticed Robin
  1482 | D:3      | Killed Robin
  1483 | D:3      | Reached skill level 5 in Fighting
  1558 | D:3      | Reached XP level 5. HP: 31/48 MP: 4/4
  1932 | D:4      | Found a staircase to the Ecumenical Temple.
  1947 | Temple   | Found a transporter.
  1947 | Temple   | Found a transporter.
  1947 | Temple   | Found a transporter.
  1947 | Temple   | Found a transporter.
  1947 | Temple   | Entered the Ecumenical Temple
  1976 | Temple   | Became a worshipper of Cheibriados the Contemplative
  2023 | D:4      | Reached skill level 5 in Axes
  2076 | D:4      | Noticed Menkaure
  2078 | D:4      | Noticed Pargi
  2088 | D:4      | Killed Menkaure
  2089 | D:4      | Reached XP level 6. HP: 14/57 MP: 5/5
  2089 | D:4      | Killed Pargi
  2090 | D:4      | Reached skill level 5 in Armour
  2090 | D:4      | Reached skill level 1 in Invocations
  2391 | D:4      | Found a sand-covered staircase.
  2398 | Ossuary  | Entered an ossuary
  2566 | Ossuary  | HP: 2/49 [wight/+0 dire flail (6)]
  2567 | Ossuary  | Mangled by a wight

Illustrated notes

Levels and vault maps discovered:
D:1:      dpeg_arrival_prison, layout_basic, chequers_ecumenical_altar_twisty
D:2:      layout_rooms
D:3:      layout_rooms, corner_web_ring, nicolae_half_adder, uniq_robin
D:4:      layout_rooms, minmay_temple_entry_waves,
          mainiacjoe_ossuary_entry_find_the_door, uniq_pargi, uniq_menkaure
Temple:   hellmonk_temple_divided_pantheon
Ossuary:  ossuary_due_cavern

Skill      XL: |  1  2  3  4  5  6 |
---------------+-------------------+-----
Axes           | 3 4 5 6 |  6.0
Fighting       | 4 5 6 |  6.4
Armour         | 4 5 |  5.2
Invocations    | 1 |  1.4
Shields        | |  3.6

Action                     |  1- 3 |  4- 6 || total
---------------------------+-------+-------++-------
  Melee: War axe           |    74 |   113 ||   187
         Headbutt          |     9 |    15 ||    24
    Use: Potion            |       |     1 ||     1
         Scroll            |       |     7 ||     7
 Armour: Scale mail        |    50 |    94 ||   144
         Troll leather arm |       |    25 ||    25
  Dodge: Dodged            |    42 |    86 ||   128
  Block: Buckler           |    18 |    29 ||    47

Table legend: (Time is in decaauts)
 A = Elapsed time spent in this place.
 B = Non-inter-level travel time spent in this place.
 C = Inter-level travel time spent in this place.
 D = Time resting spent in this place.
 E = Time spent auto-exploring this place.
 F = Levels seen in this place.
 G = Mean time per level.
                   A        B        C        D        E       F      G
               +--------+--------+--------+--------+--------+-----+--------+
         Total |   2731 |   2624 |    107 |     72 |   1966 |   6 |  455.2 |
       Dungeon |   2474 |   2388 |     86 |     72 |   1814 |   4 |  618.5 |
        Temple |     48 |     28 |     20 |      0 |      0 |   1 |   48.0 |
       Ossuary |    208 |    208 |      0 |      0 |    152 |   1 |  208.0 |
               +--------+--------+--------+--------+--------+-----+--------+

Top non-repeatable levels by time:
     D:1: 782 daAuts
     D:3: 694 daAuts
     D:4: 530 daAuts
     D:2: 466 daAuts
 Ossuary: 208 daAuts
  Temple: 48 daAuts
